 Dungeon Crawl Stone Soup version 0.30.0-29-ga12c61a403 (webtiles) character file.

Game seed: 10240569922805894848

14 belegose the Charlatan (level 2, -3/23 (24) HPs)
             Began as an Armataur Artificer on June 20, 2023.
             Succumbed to a kobold's poison
             ... on level 1 of the Dungeon.
             The game lasted 00:02:24 (415 turns).

belegose the Charlatan (Armataur Artificer)          Turns: 415, Time: 00:02:24

HP:   -3/23 (24)    AC:  4    Str: 11 (17) XL:     2   Next: 31%
MP:   2/2           EV:  9    Int:  9 (11) God:
Gold: 21            SH:  0    Dex:  4 (10) Spells: 1/1 levels left

rFire   . . .        l - +0 short sword (drain)
rCold   . . .        (no shield)
rNeg    . . .        b - +0 leather armour
rPois   .            (no helmet)
rElec   .            (no cloak)
rCorr   .            (no gloves)
SInv    .            (no barding)
Will    .....        (no amulet)
Stlth   +            (no ring)
HPRegen 0.23/turn    (no ring)
MPRegen 0.08/turn

%: roll
@: lethally poisoned (-3 -> -28), lightly drained
A: large, rugged brown scales 3, deformed body, armoured tail, roll, long
tongue, awkward tongue
a: no special abilities


You were on level 1 of the Dungeon.
You visited 1 branch of the dungeon, and saw 2 of its levels.

You collected 21 gold pieces.

Inventory:

Hand Weapons
 a - a +0 club
 l - a +0 short sword of draining (weapon)
Missiles
 f - 2 stones
Armour
 b - a +0 leather armour (worn)
Wands
 c - a wand of flame (15) (quivered)
 d - a wand of charming (13)
 e - a wand of iceblast (5)
Scrolls
 g - a scroll of poison {unknown}
 j - a scroll of identify {unknown}
 k - a scroll of immolation {unknown}


   Skills:
 + Level 1.3 Fighting
 + Level 2.9 Armour
 - Level 0.6 Dodging
 - Level 1.1 Stealth
 + Level 3.2 Evocations


You had one spell level left.
You didn't know any spells.
Your spell library was empty.

Dungeon Overview and Level Annotations

Branches:
Dungeon (2/15)

Altars:


Innate Abilities, Weirdness & Mutations

You are completely covered in rugged brown scales. (AC +3, +7% HP)
Armour fits poorly on your strangely shaped body.
You have a long armoured tail.
You roll when moving toward enemies. (Rampage)
Your long tongue fully drains potion bottles. (2x potion effects)
Your tongue gives you trouble enunciating. (1.5x scroll delay)


Message History

You barely miss the kobold.
You feel very sick. The kobold hits you but does no damage.
You closely miss the kobold.
You feel sick.
The kobold hits you with a +1 dagger of venom.
* * * LOW HITPOINT WARNING * * *
You are more poisoned.
The kobold attacks as you move away! The kobold barely misses you.
* * * LOW HITPOINT WARNING * * *
You feel very sick.
It was a potion of curing.
You feel better.
You slurp down every last drop of the potion of curing!
The kobold barely misses you.
It was a potion of degeneration.
There was something very wrong with that liquid.
You feel weakened.
You feel dopey.
You feel clumsy.
You slurp down every last drop of the potion of degeneration!
The kobold hits you but does no damage.
You are poisoned.
Aiming: Charm
Press: ? - help, Shift-Dir - straight line, f - kobold
Aim: a kobold, wielding a +1 dagger of venom (chance to affect: 73%)
The kobold struggles to resist.
You feel sick. The kobold hits you but does no damage.
You are lethally poisoned!
Aiming: Charm
Press: ? - help, Shift-Dir - straight line, f/p - kobold
Aim: a kobold, wielding a +1 dagger of venom (chance to affect: 73%)
The kobold struggles to resist.
You feel very sick.
The kobold hits you with a +1 dagger of venom.
You are more poisoned.
You miss the kobold.
* * * LOW HITPOINT WARNING * * *
You feel very sick.
The kobold hits you with a +1 dagger of venom.
* * * LOW HITPOINT WARNING * * *
You are more poisoned.
You completely miss the kobold.
You die...

.#.### .........# #......
.#.......#
.......#######...#
...........###...####
............##.#....#
...............#..#.###
#...#......##..##.....#
...........##.....#.#.#
#....?....SK@..†......#
#..........#..##...##.###
#..........#.#####......#
#..........#.# ####..>#
##..##.#####.# #...# #..
#. ..# ##### ... #. .##
.. #. .>


You could see a ball python and a kobold.

Vanquished Creatures
  A dart slug (D:2)
  A ball python (D:2)
  An endoplasm (D:2)
  2 giant cockroaches
  A hobgoblin (D:2)
  A jackal (D:1)
  A kobold (D:1)
  3 bats (D:1)
11 creatures vanquished.

Notes
Turn   | Place    | Note
-------+----------+-------------------------------------------
     0 | D:1      | belegose the Armataur Artificer began the quest for the
                  | Orb.
     0 | D:1      | Reached XP level 1. HP: 16/16 MP: 1/1
    30 | D:1      | Reached skill level 1 in Fighting
    63 | D:1      | You fall into a shaft and drop 1 floor!
   224 | D:2      | Found the +3 pair of seven-league boots {Rampage+∞}
   233 | D:2      | Reached XP level 2. HP: 24/24 MP: 2/2
   415 | D:1      | Succumbed to a kobold's poison

Illustrated notes

Levels and vault maps discovered:
D:1:      dpeg_arrival_brainrot, layout_rooms,
          hellmonk_ecumenical_altar_lost_god, minmay_pentomino_q4
D:2:      layout_loops_ring

Skill      XL: |  1 |
---------------+----+-----
Fighting       | 1 |  1.3
Armour         | |  2.9
Dodging        | |  0.6
Stealth        | |  1.1
Evocations     | |  3.2

Action                     || total
---------------------------++-------
  Melee: Club              ||    41
         Tailslap          ||     4
         Short sword       ||     8
  Evoke: Wand              ||     2
    Use: Potion            ||     2
   Stab: Sleeping          ||     1
 Armour: Leather armour    ||    27
  Dodge: Dodged            ||    30
